 Dungeon Crawl Stone Soup version 0.21.1-1-g345015f (webtiles) character file.

906 wojtek the Firebug (level 7, -3/36 HPs)
             Began as a Deep Elf Fire Elementalist on July 20, 2018.
             Slain by an orc warrior
             ... wielding a +0 halberd
              (7 damage)
             ... on level 6 of the Dungeon.
             The game lasted 00:13:22 (6029 turns).

wojtek the Firebug (Deep Elf Fire Elementalist)     Turns: 6029, Time: 00:13:23

Health: -3/36      AC:  3    Str:  9    XL:     7   Next: 81%
Magic:  5/13       EV: 13    Int: 22    God:
Gold:   175        SH:  0    Dex: 15    Spells: 4/12 levels left

rFire    . . .     SeeInvis .   a - +1 dagger (venom)
rCold    . . .     Gourm    .   (no shield)
rNeg     . . .     Faith    .   y - +0 robe
rPois    .         Spirit   .   s - +0 helmet
rElec    .         Reflect  .   (no cloak)
rCorr    .         Harm     .   (no gloves)
MR       .....                  (no boots)
Stlth    ++........             (no amulet)
HPRegen  0.12/turn              j - +4 ring of strength
MPRegen  0.13/turn              (no ring)

@: no status effects
A: no striking features
a: no special abilities


You were on level 6 of the Dungeon.
You were not hungry.

You visited 1 branch of the dungeon, and saw 5 of its levels.

You collected 175 gold pieces.

Inventory:

Hand Weapons
 a - a +1 dagger of venom (weapon)
 h - a +0 dagger
 z - a +0 short sword of venom
Armour
 s - a +0 helmet (worn)
 y - a +0 robe (worn)
Jewellery
 j - a +4 ring of strength (left hand)
 m - a +2 ring of evasion {unknown}
Wands
 v - a wand of flame (31)
 w - a wand of iceblast (4)
 A - a wand of digging (12)
Scrolls
 d - 3 scrolls of fear {unknown}
 g - 11 scrolls of identify {unknown}
 i - a scroll of remove curse {unknown}
 k - 4 scrolls of magic mapping {unknown}
 l - 2 scrolls of blinking {unknown}
 o - 2 scrolls of enchant weapon {unknown}
 p - a scroll of teleportation {unknown}
 q - a scroll of enchant armour {unknown}
 r - a scroll of noise {unknown}
Potions
 e - a potion of degeneration {unknown}
 f - a potion of invisibility {unknown}
 n - 2 potions of heal wounds
 t - 2 potions of haste {unknown}
 u - a potion of lignification {unknown}
 x - a potion of curing {unknown}
Books
 b - a book of Flames

   Spells                             Type                      Level
   a - Flame Tongue                   Conjuration/Fire             1
   b - Throw Flame                    Conjuration/Fire             2
   c - Conjure Flame                  Conjuration/Fire             3
   d - Inner Flame                    Hexes/Fire                   3
   e - Sticky Flame                   Conjuration/Fire             4
   f - Fireball                       Conjuration/Fire             5
Comestibles
 c - 10 rations


   Skills:
 - Level 2.4 Dodging
 - Level 2.4 Stealth
 - Level 3.0 Spellcasting
 + Level 6.9 Conjurations
 + Level 7.7 Fire Magic


You had 4 spell levels left.
You knew the following spells:

 Your Spells              Type           Power        Failure   Level  Hunger
a - Flame Tongue          Conj/Fire      #####        1%          1    None
b - Conjure Flame         Conj/Fire      #####...     1%          3    ###....
c - Sticky Flame          Conj/Fire      #####...     6%          4    ####...


Dungeon Overview and Level Annotations

Branches:
Dungeon (6/15)
 Temple: D:4-7

Altars:
Okawaru

Shops:
D:6 [

Annotations:
D:3 trianova's ghost, amateur GnGl


Message History

The orc warrior hits you from afar with a halberd!
* * * LOW HITPOINT WARNING * * *
Casting: Flame Tongue
Confirm with . or Enter, or press ? or * to list all spells.
Aiming: Flame Tongue
Press: ? - help, Shift-Dir - straight line, f/p - orc warrior
Aim: an orc warrior, wielding a halberd and wearing a shiny plate armour (heavily wounded)
The flame tongue hits the orc priest.
The orc priest is almost dead.
The orc priest invokes the aid of Beogh against you.
You struggle to resist.
Casting: Flame Tongue
Confirm with . or Enter, or press ? or * to list all spells.
Aiming: Flame Tongue
Press: ? - help, Shift-Dir - straight line, f - orc priest, p - orc warrior
Aim: an orc priest, wielding a club and wearing a leather armour (severely wounded)
The flame tongue hits the orc priest.
You kill the orc priest!
The orc warrior hits you from afar with a halberd!
You die...

.. #######.##.# .#
...........# .
.....##.##.# #
#..........# ###.#
####.......###....#
####o##.#.....#
###o##.#)....##
...###...............
.......@.##.#.....###
...###.####.#.....#
#.# #.# #)###.###
#.##.# #<# #...#.#
#.##.#
#.#####.####.#.#.#
#.##.#
#............#.#..
##.##.#
######.######.#
......# #.# #.#
.#.#..### #)# #.#


You could see an orc warrior and an orc wizard.

Vanquished Creatures
  An orc warrior (D:6)
  A sky beast (D:6)
  2 bullfrogs (D:6)
  A howler monkey (D:4)
  A quasit (D:6)
  A bullfrog zombie (D:6)
  3 orc priests (D:6)
  An orc wizard (D:3)
  3 iguanas (D:6)
  Ijyb (D:4)
  A worker ant (D:6)
  A hound skeleton (D:6)
  Robin (D:3)
  4 gnolls (D:6)
  4 adders
  3 oozes
  An adder skeleton (D:6)
  3 worms
  2 dart slugs
  5 leopard geckos
  20 orcs
  A ball python (D:3)
  6 bats
  5 giant cockroaches
  14 goblins
  5 hobgoblins
  4 jackals
  7 kobolds
  A quokka (D:3)
  4 frilled lizards
  7 rats
114 creatures vanquished.

Notes
Turn   | Place    | Note
-------+----------+-------------------------------------------
     0 | D:1      | wojtek the Deep Elf Fire Elementalist began the quest for the Orb.
     0 | D:1      | Reached XP level 1. HP: 10/10 MP: 6/6
   133 | D:1      | Reached XP level 2. HP: 11/15 MP: 0/8
   791 | D:1      | Reached skill level 4 in Fire Magic
   982 | D:2      | Reached XP level 3. HP: 19/19 MP: 3/9
  1804 | D:3      | Noticed Robin
  1927 | D:3      | Noticed trianova's ghost (amateur GnGl)
  2344 | D:3      | Reached XP level 4. HP: 24/24 MP: 7/10
  2988 | D:3      | Reached skill level 5 in Fire Magic
  3220 | D:3      | Reached XP level 5. HP: 27/28 MP: 8/11
  3340 | D:3      | Killed Robin
  3539 | D:2      | Learned a level 3 spell: Conjure Flame
  3927 | D:4      | Noticed Ijyb
  3982 | D:4      | Killed Ijyb
  4289 | D:4      | You fall through a shaft for 2 floors!
  4309 | D:6      | Reached XP level 6. HP: 32/32 MP: 12/12
  4311 | D:6      | Noticed a sky beast
  4391 | D:6      | Killed a sky beast
  4391 | D:6      | Reached skill level 5 in Conjurations
  4391 | D:6      | Reached skill level 6 in Fire Magic
  4783 | D:6      | Learned a level 4 spell: Sticky Flame
  4866 | D:6      | Found an iron altar of Okawaru.
  4880 | D:6      | Reached XP level 7. HP: 31/36 MP: 6/13
  4883 | D:6      | Found Gitooce's Antique Armour Shoppe.
  5334 | D:6      | Reached skill level 7 in Fire Magic
  6029 | D:6      | Slain by an orc warrior

Skill      XL: |  1  2  3  4  5  6  7 |
---------------+----------------------+-----
Conjurations   | 2 3 4 5 6 |  6.9
Fire Magic     | 4 5 6 7 |  7.7
Dodging        | |  2.4
Stealth        | |  2.4
Spellcasting   | |  3.0

Action                   |  1- 3 |  4- 6 |  7- 9 || total
-------------------------+-------+-------+-------++-------
Melee: Dagger            |    13 |     2 |     1 ||    16
 Cast: Flame Tongue      |    67 |   110 |    51 ||   228
       Conjure Flame     |       |     3 |     1 ||     4
       Sticky Flame      |       |     1 |    10 ||    11
Evoke: Wand              |       |     2 |       ||     2
  Eat: Chunk             |     3 |     8 |     7 ||    18
Armor: Robe              |     7 |    13 |     5 ||    25
Dodge: Dodged            |    36 |    50 |    11 ||    97
